 Dungeon Crawl Stone Soup version 0.27-a0-1140-g099f9bb0e8 (webtiles) character file.

Game seed: 11342702454341804571

7534 heikuro the Cleaver (level 11, -3/89 HPs)
             Began as a Formicid Abyssal Knight on May 8, 2021.
             Was an Elder of Lugonu.
             Slain by a vampire (6 damage)
             ... on level 10 of the Dungeon.
             The game lasted 00:31:23 (17238 turns).

heikuro the Cleaver (Formicid Abyssal Knight)      Turns: 17238, Time: 00:31:25

Health: -3/89      AC: 18    Str: 21    XL:     11   Next: 39%
Magic:  18/18      EV:  8    Int: 11    God:    Lugonu [****..]
Gold:   409        SH:  0    Dex: 19    Spells: 10/10 levels left

rFire    . . .     SeeInvis +   a - +3 whip (elec)
rCold    . . .     Faith    .   (no shield)
rNeg     . . .     Spirit   .   y - +0 chain mail
rPois    +         Reflect  .   (helmet unavailable)
rElec    .         Harm     .   i - +2 cloak
rCorr    .         Rampage  .   o - +1 pair of gloves {Dex+3}
Will     +....                  B - +0 pair of boots
Stlth    ..........             (no amulet)
HPRegen  0.24/turn              h - +6 ring of dexterity
MPRegen  0.16/turn              w - ring of poison resistance

@: confused
A: permanent stasis, dig shafts and tunnels, antennae 3, four strong arms
a: Dig, Shaft Self, Renounce Religion, Depart the Abyss, Bend Space, Banish,
Corrupt


You were on level 10 of the Dungeon.
You worshipped Lugonu.
Lugonu was greatly pleased with you.
You visited 2 branches of the dungeon, and saw 11 of its levels.
You visited the Abyss 1 time.

You collected 409 gold pieces.

Inventory:

Hand Weapons
 a - a +3 whip of electrocution (weapon)
 b - a +3 whip of venom
 I - a +4 hand axe of freezing
 L - a +2 dire flail of holy wrath
 M - a +0 war axe
Missiles
 j - 27 poisoned darts (quivered)
 v - 2 curare-tipped darts
 D - 5 atropa-tipped darts
 K - 4 throwing nets
Armour
 i - a +2 cloak (worn)
 o - a +1 pair of gloves of dexterity (worn)
 y - a +0 chain mail (worn)
 B - a +0 pair of boots (worn)
Jewellery
 h - a +6 ring of dexterity (left hand)
 w - a ring of poison resistance (right hand)
 C - a ring of positive energy
Wands
 t - a wand of polymorph (6)
 G - a wand of digging (4)
Scrolls
 d - a scroll of blinking {unknown}
 e - a scroll of amnesia
 f - 2 scrolls of torment
 g - a scroll of fog
 k - a scroll of acquirement {unknown}
 l - a scroll of magic mapping {unknown}
 n - a scroll of immolation
 p - a scroll of fear {unknown}
 s - a scroll of silence {unknown}
 x - a scroll of vulnerability {unknown}
 z - a scroll of summoning {unknown}
 A - a scroll of holy word {unknown}
 H - a scroll of enchant weapon
 J - a scroll of enchant armour {unknown}
Potions
 c - 3 potions of lignification
 m - a potion of flight
 q - 2 potions of magic
 r - 3 potions of curing
 u - a potion of cancellation
 E - a potion of brilliance {unknown}
 F - a potion of attraction {unknown}


   Skills:
 + Level 9.0 Fighting
 * Level 10.8 Axes
 + Level 8.5 Armour
 - Level 1.0 Dodging
 + Level 9.4 Invocations


You had 10 spell levels left.
You didn't know any spells.
Your spell library contained the following spells:

 Spells                   Type           Power      Damage    Failure   Level
 Corona                   Hex            0%         N/A       94%         1
 Magic Dart               Conj           0%         1d3       94%         1
 Searing Ray              Conj           0%         3d3       98%         2
 Slow                     Hex            0%         N/A       98%         2
 Dazzling Flash           Conj/Hex       0%         N/A       100%        3
 Inner Flame              Hex/Fire       0%         N/A       100%        3
 Portal Projectile        Hex/Tloc       0%         N/A       100%        3
 Cause Fear               Hex            0%         N/A       100%        4
 Fulminant Prism          Conj/Hex       0%         3d6       100%        4
 Iskenderun's Mystic Bla  Conj/Tloc      0%         2d3       100%        4
 Leda's Liquefaction      Hex/Erth       0%         N/A       100%        4
 Silence                  Hex/Air        0%         N/A       100%        5
 Yara's Violent Unravell  Hex/Tmut       0%         3d3       100%        5
 Discord                  Hex            0%         N/A       100%        8


Dungeon Overview and Level Annotations

Branches:
Dungeon (10/15)            Temple (1/1) D:7
   Lair: D:8-11         Orc: D:9-12

Altars:
Ashenzari
Cheibriados
Dithmenos
Elyvilon
Fedhas
Gozag
Hepliaklqana
Kikubaaqudgha
Makhleb
Nemelex Xobeh
Okawaru
Qazlal
Ru
Sif Muna
Trog
Uskayaw
Vehumet
Wu Jian
Xom
Yredelemnul
Zin
The Shining One


Innate Abilities, Weirdness & Mutations

You cannot be hasted, slowed, berserked, paralysed or teleported.
You can dig through walls and to a lower floor.
You have a pair of large antennae on your head. (SInv)
Your four strong arms can wield two-handed weapons with a shield.


Message History

The orc wizard closely misses you. The orc closely misses you.
Unknown command.
You closely miss the vampire.
The vampire is heavily damaged.
The vampire hits you.
* * * LOW HITPOINT WARNING * * *
The vampire bites you but does no damage.
The orc wizard hits you but does no damage.
The orc hits you but does no damage.
You closely miss the vampire.
The vampire is heavily damaged.
The vampire hits you but does no damage.
The vampire bites you but does no damage.
You bump into the rock wall.
The orc wizard hits you but does no damage.
The orc hits you with a +0 club.
* * * LOW HITPOINT WARNING * * *
The vampire hits you but does no damage.
The vampire bites you but does no damage.
You're too confused to move!
The orc wizard hits you with a +0 dagger.
* * * LOW HITPOINT WARNING * * *
The orc hits you with a +0 club.
* * * LOW HITPOINT WARNING * * *
The vampire hits you.
* * * LOW HITPOINT WARNING * * *
The vampire bites you but does no damage.
You're too confused to attack without stumbling around!
Unknown command.
You're too confused to attack without stumbling around!
Unknown command.
You're too confused to attack without stumbling around!
Unknown command.
You completely miss the vampire.
The vampire is heavily damaged.
The orc wizard hits you but does no damage.
The orc closely misses you. The vampire hits you.
* * * LOW HITPOINT WARNING * * *
The vampire bites you.
You die...

#.#.............#..#
#...............#..#
##...............##.
.
#..................
..
##......<...#......
...#
###....##...########
....V###......###.##
#.....##..## #.#
###...#@o..# #.. {
##..##oV..###...
.#.............
............###
................
#...#...........#
......##........?..
...... ..........#.
.# ...........#


You could see a vampire (invisible), an orc wizard (invisible) and an orc.

Vanquished Creatures
  Harold (D:9)
  Erica (D:9)
  A cyclops (D:8)
  Joseph (D:9)
  Maggie (D:7)
  Grinder (D:3)
  A hornet (D:10)
  2 vampire mosquitoes (D:10)
  Duvessa (D:4)
  6 water moccasins
  A hornet zombie (D:8)
  4 orc warriors
  A sky beast (D:8)
  A necrophage (D:7)
  An ogre (D:7)
  3 centaurs
  4 phantoms
  3 kobold brigands
  2 scorpions (D:5)
  2 bullfrogs (D:6)
  A water moccasin zombie (D:6)
  Dowan (D:4)
  A water moccasin skeleton (D:5)
  4 killer bees (D:8)
  3 wights (D:7)
  2 howler monkeys (D:8)
  2 centaur zombies
  3 centaur skeletons
  4 hounds
  2 jellies
  3 gnoll shamans
  5 orc priests
  A bullfrog skeleton (D:6)
  2 iguanas
  A scorpion zombie (D:5)
  8 orc wizards
  Natasha (thrice) (D:1)
  A hound skeleton (D:5)
  2 howler monkey zombies
  Robin (D:2)
  14 gnolls
  A howler monkey skeleton (D:5)
  5 adders
  A shadow imp (D:6)
  2 white imps
  An ufetubus (D:5)
  2 adder skeletons (D:4)
  5 dart slugs
  22 orcs
  8 endoplasms
  3 giant cockroaches
  9 hobgoblins
  11 jackals
  2 quokkas
  5 ball pythons
  3 bats
  2 frilled lizards
  16 goblins
  17 kobolds
  3 rats (D:3)
  A spectral kobold (D:7)
221 creatures vanquished.

Vanquished Creatures (others)
  A giant cockroach (D:2)
  A frilled lizard (D:2)
  2 plants
4 creatures vanquished.

Grand Total: 225 creatures vanquished

Notes
Turn   | Place    | Note
-------+----------+-------------------------------------------
     0 | Abyss:1  | heikuro the Formicid Abyssal Knight began the quest for the
                  | Orb.
     0 | Abyss:1  | Reached XP level 1. HP: 18/18 MP: 2/2
    42 | D:1      | Escaped the Abyss
   251 | D:1      | Reached * piety under Lugonu
   381 | D:1      | Reached skill level 1 in Dodging
   630 | D:1      | Reached XP level 2. HP: 19/24 MP: 3/3
   696 | D:1      | Found a faded altar of an unknown god.
   914 | D:1      | Reached XP level 3. HP: 19/29 MP: 4/4
  1838 | D:2      | Noticed Robin
  1870 | D:2      | Killed Robin
  1871 | D:2      | Reached skill level 3 in Axes
  1871 | D:2      | Reached XP level 4. HP: 37/37 MP: 6/6
  2189 | D:2      | Noticed Natasha
  2216 | D:1      | Killed Natasha
  2217 | D:1      | Reached XP level 5. HP: 27/42 MP: 7/7
  2325 | D:2      | Reached ** piety under Lugonu
  3165 | D:1      | Found a faded altar of an unknown god.
  3289 | D:1      | Noticed Natasha
  3302 | D:1      | Killed Natasha
  3767 | D:1      | Noticed Natasha
  3775 | D:1      | Killed Natasha
  4004 | D:3      | Reached skill level 4 in Axes
  4004 | D:3      | Reached XP level 6. HP: 44/48 MP: 8/8
  4722 | D:3      | Noticed Grinder
  4773 | D:3      | Killed Grinder
  4774 | D:3      | Reached skill level 5 in Axes
  4774 | D:3      | Reached XP level 7. HP: 48/55 MP: 8/10
  4815 | D:3      | Found a shimmering altar of Xom.
  5289 | D:3      | Found a shimmering altar of Xom.
  6432 | D:4      | Noticed Duvessa
  6435 | D:4      | Noticed Dowan
  6440 | D:4      | Reached skill level 5 in Fighting
  6817 | D:4      | Killed Dowan
  7154 | D:4      | Killed Duvessa
  7155 | D:4      | Reached skill level 5 in Invocations
  7155 | D:4      | Reached XP level 8. HP: 33/62 MP: 11/11
  7641 | D:4      | Reached skill level 6 in Axes
  7677 | D:4      | Found a hide-covered altar of Uskayaw.
  8343 | D:4      | Found a hide-covered altar of Uskayaw.
  8540 | D:5      | Entered Level 5 of the Dungeon
  8608 | D:5      | Reached *** piety under Lugonu
  8795 | D:5      | Reached skill level 5 in Armour
  9357 | D:5      | Reached XP level 9. HP: 56/69 MP: 13/13
  9627 | D:5      | Reached skill level 7 in Axes
 11270 | D:6      | Reached skill level 8 in Axes
 11409 | D:6      | Found a white marble altar of Elyvilon.
 11409 | D:6      | Found a sacrificial altar of Ru.
 11942 | D:7      | Reached **** piety under Lugonu
 12234 | D:6      | Upgraded the game from 0.27-a0-1139-g28e009f8a6 to
                  | 0.27-a0-1140-g099f9bb0e8
 12660 | D:7      | Reached XP level 10. HP: 76/78 MP: 15/15
 12726 | D:7      | Found a staircase to the Ecumenical Temple.
 12732 | Temple   | Entered the Ecumenical Temple
 12877 | D:7      | Found a hazy altar of Hepliaklqana.
 12927 | D:7      | Noticed Maggie
 12964 | D:7      | Killed Maggie
 13318 | D:7      | Reached skill level 9 in Axes
 13597 | D:8      | Found a basalt altar of Yredelemnul.
 13820 | D:8      | Found a stormy altar of Qazlal.
 14492 | D:8      | Found a shimmering blue altar of Sif Muna.
 14619 | D:8      | Noticed a cyclops
 14644 | D:8      | Killed a cyclops
 15210 | D:9      | Noticed Harold
 15234 | D:9      | Killed Harold
 15235 | D:9      | Reached skill level 10 in Axes
 15419 | D:9      | Noticed Erica
 16038 | D:8      | Reached XP level 11. HP: 75/87 MP: 17/17
 16123 | D:9      | Noticed Joseph
 16384 | D:9      | HP: 1/87 [Joseph/sling bullet (8)]
 16387 | D:9      | Killed Joseph
 16429 | D:9      | Killed Erica
 17088 | D:9      | You fall into a shaft and drop 1 floor!
 17088 | D:10     | Entered Level 10 of the Dungeon
 17238 | D:10     | HP: 3/89 [vampire (6)]
 17238 | D:10     | Slain by a vampire

Illustrated notes

Levels and vault maps discovered:
D:1:      dpeg_arrival_central, layout_loops_ring,
          shapermc_ecumenical_altar_starsandcircs
D:2:      layout_basic, lemuel_old_faithful, uniq_natasha, uniq_robin
D:3:      layout_basic, lemuel_tele_altar, minivault_24, uniq_grinder
D:4:      layout_loops_ring, kennysheep_mini, chequers_garden,
          chequers_arboretum, chequers_serial_rivers_small_3, minivault_23,
          minivault_14, uniq_duvessa
D:5:      layout_loops_corners, serial_bayou_pond_d, minmay_liquid_box,
          minmay_puff
D:6:      layout_loops_corners, gammafunk_temple_overflow_pools
D:7:      layout_basic, nicolae_hepliaklqana_monster_ancestors,
          minmay_temple_entry_enclosed_plants, uniq_maggie
D:8:      layout_basic, yredelemnul_altar_generic, general_overflow_altar,
          marbit_many_paths, hangedman_decor_points, minmay_microvault
D:9:      layout_rooms, uniq_joseph, uniq_harold, uniq_erica
D:10:     layout_rooms, lair_entry_dummy, enter_bailey_5,
          nicolae_zen_rock_garden, grunt_decor_clamped, dk_noncrumbling_2,
          minmay_curled_crystal
Temple:   zaba_magenta_temple

Skill      XL: |  1  2  3  4  5  6  7  8  9 10 11 |
---------------+----------------------------------+-----
Dodging        | 1 |  1.0
Axes           | 3 4 5 6 8 10 | 10.8
Invocations    | 3 4 5 7 8 9 |  9.4
Armour         | 3 4 5 6 7 8 |  8.5
Fighting       | 4 5 6 7 8 9 |  9.0

Action                   |  1- 3 |  4- 6 |  7- 9 | 10-12 || total
-------------------------+-------+-------+-------+-------++-------
Melee: Hand axe          |    75 |   161 |     8 |       ||   244
       Whip              |       |       |   449 |   298 ||   747
Throw: Dart              |       |    13 |    42 |    24 ||    79
       Throwing net      |       |       |     1 |       ||     1
Invok: Depart the Abyss  |     1 |       |       |       ||     1
       Bend Space        |       |       |    10 |     8 ||    18
 Abil: Dig               |     1 |     3 |     4 |     8 ||    16
Evoke: Wand              |       |     6 |       |       ||     6
  Use: Scroll            |       |     2 |     5 |     6 ||    13
       Potion            |       |       |       |     1 ||     1
Armor: Leather armour    |    16 |       |       |       ||    16
       Ring mail         |    15 |    45 |    38 |       ||    98
       Scale mail        |       |       |    45 |       ||    45
       Chain mail        |       |       |   142 |   188 ||   330
Dodge: Dodged            |    55 |    77 |   207 |   117 ||   456

Table legend: (Time is in decaauts)
 A = Elapsed time spent in this place.
 B = Non-inter-level travel time spent in this place.
 C = Inter-level travel time spent in this place.
 D = Time resting spent in this place.
 E = Time spent auto-exploring this place.
 F = Levels seen in this place.
 G = Mean time per level.
                   A        B        C        D        E       F      G
               +--------+--------+--------+--------+--------+-----+--------+
         Total |  17185 |  16475 |    710 |   6015 |   7245 |  12 | 1432.1 |
       Dungeon |  17066 |  16374 |    692 |   6015 |   7148 |  10 | 1706.6 |
        Temple |     76 |     58 |     18 |      0 |     57 |   1 |   76.0 |
         Abyss |     42 |     42 |      0 |      0 |     40 |   1 |   42.0 |
               +--------+--------+--------+--------+--------+-----+--------+

Top non-repeatable levels by time:
     D:3: 2717 daAuts
     D:8: 2716 daAuts
     D:1: 2459 daAuts
     D:4: 1981 daAuts
     D:6: 1784 daAuts
     D:5: 1630 daAuts
     D:2: 1423 daAuts
     D:7: 1366 daAuts
     D:9: 847 daAuts
    D:10: 138 daAuts
  Temple: 76 daAuts
 Abyss:1: 42 daAuts
